 Dungeon Crawl Stone Soup version 0.22.0-1-g6561e4c (webtiles) character file.

55074 Gorglomux the Fighter (level 15, -1/127 HPs)
             Began as a Formicid Gladiator on Aug 12, 2018.
             Was a High Priest of Okawaru.
             Killed by divine providence
             ... invoked by an orc priest
              (13 damage)
             ... on level 13 of the Dungeon.
             The game lasted 00:26:02 (25303 turns).

Gorglomux the Fighter (Formicid Gladiator)         Turns: 25303, Time: 00:26:03

Health: -1/127     AC: 11    Str: 29    XL:     15   Next: 16%
Magic:  23/23      EV:  7    Int:  7    God:    Okawaru [*****.]
Gold:   1663       SH: 22    Dex: 12    Spells: 14/14 levels left

rFire    . . .     SeeInvis +   X - +0 war axe (chop)
rCold    . . .     Gourm    .   x - +0 large shield
rNeg     . . .     Faith    .   J - +5 plate armour of Hairiness {god gift, rElec}
rPois    +         Spirit   .   (helmet unavailable)
rElec    +         Reflect  +   y - +0 cloak
rCorr    .         Harm     .   L - +0 pair of gloves {Str+3} {god gift}
MR       +++..                  M - +1 pair of boots
Stlth    ..........             w - +5 amulet of reflection
HPRegen  0.31/turn              t - ring of Vyosal {rPois Stlth+}
MPRegen  0.18/turn              m - ring of protection from magic

@: lethally poisoned (-1 -> -1), corroded
A: permanent stasis, dig shafts and tunnels, four strong arms, antennae 3, dopey
1, high mp 1, magic resistance 1, strong 1
a: Dig, Shaft Self, Heroism, Finesse, Renounce Religion


You were on level 13 of the Dungeon.
You worshipped Okawaru.
Okawaru was extremely pleased with you.
You were not hungry.

You visited 3 branches of the dungeon, and saw 20 of its levels.

You collected 1663 gold pieces.

Inventory:

Hand Weapons
 b - a +2 dire flail of draining
 X - a +0 war axe of chopping (weapon)
Missiles
 Z - 6 throwing nets (quivered)
Armour
 x - a +0 large shield (worn)
 y - a +0 cloak (worn)
 J - the +5 plate armour of Hairiness (worn) {god gift, rElec}
   (Okawaru gifted it to you on level 1 of the Lair of Beasts)

   It insulates you from electricity.
 L - a +0 pair of gloves of strength (worn) {god gift}
 M - a +1 pair of boots (worn)
Jewellery
 c - an uncursed ring of protection from cold
 g - an uncursed ring of resist corrosion
 m - a ring of protection from magic (right hand)
 t - the ring of Vyosal (left hand) {rPois Stlth+}
   (You found it on level 6 of the Lair of Beasts)

   [ring of poison resistance]

   It protects you from poison.
   It makes you more stealthy.
 w - a +5 amulet of reflection (around neck)
Wands
 A - a wand of acid (11)
 E - a wand of enslavement (16)
 I - a wand of iceblast (9)
 P - a wand of paralysis (8)
Scrolls
 v - a scroll of acquirement
 B - 3 scrolls of remove curse
 C - 2 scrolls of noise {unknown}
 H - a scroll of enchant weapon {unknown}
 K - 2 scrolls of magic mapping {unknown}
 O - 2 scrolls of holy word
 R - 12 scrolls of identify
 W - 4 scrolls of fog
 Y - a scroll of silence {unknown}
Potions
 s - a potion of agility {unknown}
 z - 3 potions of mutation {!q}
 D - a potion of resistance
 F - 4 potions of degeneration
 G - 2 potions of brilliance
 N - 2 potions of haste
 Q - 6 potions of curing
 T - a potion of cancellation
 U - 2 potions of lignification
 V - 5 potions of flight
Comestibles
 d - 34 rations
 S - 3 chunks of flesh


   Skills:
 + Level 14.6 Fighting
 + Level 13.7 Axes
 - Level 2.0 Throwing
 + Level 14.4 Armour
 - Level 2.6 Dodging
 + Level 6.9 Shields
 - Level 9.0 Invocations


You had 14 spell levels left.
You didn't know any spells.
Your spell library contained the following spells:

 Spells                   Type           Power        Failure   Level  Hunger
 Cause Fear               Hex            #.........   100%        4    #####..
 Lightning Bolt           Conj/Air       #.........   100%        5    ######.
 Slow                     Hex            #.......     100%        2    ###....
 Animate Dead             Necr           N/A          100%        4    #####..
 Pain                     Necr           #...         100%        1    ##.....
 Animate Skeleton         Necr           N/A          100%        1    ##.....
 Vampiric Draining        Necr           #.........   100%        3    ####...
 Regeneration             Chrm/Necr      #.........   100%        3    ####...
 Shock                    Conj/Air       #...         100%        1    ##.....
 Swiftness                Chrm/Air       #.......     100%        2    ###....
 Airstrike                Air            #.........   100%        4    #####..
 Static Discharge         Conj/Air       #.......     100%        3    ####...
 Corona                   Hex            #......      100%        1    ##.....
 Portal Projectile        Hex/Tloc       #.....       100%        3    ####...
 Leda's Liquefaction      Hex/Erth       #.........   100%        4    #####..
 Inner Flame              Hex/Fire       #.......     100%        3    ####...


Dungeon Overview and Level Annotations

Branches:
Dungeon (13/15)            Temple (1/1) D:5            Lair (6/6) D:10
  Swamp (0/4) Lair:2        Snake (0/4) Lair:3        Slime (0/5) Lair:5
    Orc (0/2) D:9
 Vaults: D:13-14

Altars:
Ashenzari
Cheibriados
Dithmenos
Elyvilon
Fedhas
Gozag
Hepliaklqana
Kikubaaqudgha
Makhleb
Nemelex Xobeh
Okawaru
Qazlal
Ru
Sif Muna
Trog
Uskayaw
Vehumet
Wu Jian
Xom
Yredelemnul
Zin
The Shining One

Shops:
D:5 }

Portals:
Trove: D:13 (give 17 scrolls of identify)

Annotations:
D:4 2 runed doors, Masnef's ghost, amateur HaAE
D:10 3 runed doors, Cuacval's ghost, journeyman HaHu; Esman's ghost, novice OpSu; Pitzaved's ghost, journeyman DEFE
D:13 Nessos
Lair:2 3 runed doors, Osuozora's ghost, journeyman GrFi
Lair:3 exclusion: oklob plant
Lair:4 exclusion: oklob plant
Lair:6 exclusion: oklob plant


Innate Abilities, Weirdness & Mutations

You cannot be hasted, slowed, berserked, paralysed or teleported.
You can dig through walls and to a lower floor.
Your four strong arms can wield two-handed weapons with a shield.
You have a pair of large antennae on your head. (SInv)
You are dopey. (Int -2)
You have an increased reservoir of magic. (+10% MP)
You are resistant to hostile enchantments. (MR+)
Your muscles are strong. (Str +2)


Message History

The acid butts you!!!
You are splashed with acid!!!
The acid butts!!! * * * don't die
* * * You block the orc priest'butts attack!
The orc hits you but does no damage!
Unknown command!
Unknown command!
Okay, then!
Okay, then!
Evoke which item? (* to show all) (? for menu, Esc to quit)
Okay, then!
Unknown command!
Evoke which item? (* to show all) (? for menu, Esc to quit)
Aiming: Corrosive Bolt
Press: ? - help, Shift-Dir - straight line, f - Nessos
Aim: Nessos, wearing a centaur barding and carrying a wand of acid (6) (heavily wounded, butt, poisoned)
The bolt of acid hits Nessos!
Nessos is splashed with acid!
The acid corrodes Butts!!!
Nessos is severely wounded!
The orc priest butts the aid of Beogh against you!
Beogh smites you!!! rip

##.####..#..#..#...#
.#.......#..####...#
.#.......#.."......#
.#####...#.....#####
.....#.............# .
.....#.............# ...
###..#...#####(#####...#
..)..#.......#..(......#
.)...#.......#..@.c.....
.....#.......#.oo.......
.....#.......#..........
.#...#####..##ยง#########
.#.......#..#..{
.#.......#..#..o
.#....#..#..#..
.#....#..#..##
.#..........#


You could see Nessos, an orc priest and an orc.

Vanquished Creatures
  Rupert (Lair:3)
  Snorg (D:12)
  A fire dragon (Lair:6)
  Erica (D:8)
  Harold (D:9)
  4 hydras
  A centaur warrior (D:13)
  A catoblepas (Lair:6)
  A two-headed ogre (D:13)
  16 death yaks
  Urug (D:13)
  An unseen horror (D:11)
  A swamp dragon (Lair:6)
  A lindwurm (Lair:6)
  A deep elf mage (D:12)
  An ugly thing (D:12)
  A cyclops (D:11)
  3 manticores (Lair:6)
  3 elephants (Lair:6)
  3 torpor snails
  Maurice (D:8)
  9 black mambas
  2 kobold demonologists
  8 spiny frogs
  2 centaur skeletons (D:10)
  4 rime drakes
  7 komodo dragons
  A polar bear (Lair:3)
  A troll (D:12)
  Edmund (D:4)
  A dream sheep (Lair:6)
  6 blink frogs
  9 hippogriffs
  A shadow (D:11)
  4 wyverns
  A wraith (D:11)
  16 yaks
  2 basilisks
  3 fire bats (Lair:1)
  A steam dragon (Lair:6)
  3 hungry ghosts
  4 acid dragons
  9 water moccasins
  6 porcupines
  5 ice beasts
  8 orc warriors
  5 sky beasts
  A swamp drake (Lair:6)
  A black bear (D:10)
  A necrophage (D:2)
  A phantom (D:5)
  2 eyes of draining
  6 centaurs
  8 wolves (Lair:1)
  8 ogres
  16 crocodiles
  2 big kobolds
  18 bullfrogs
  A water moccasin skeleton (D:7)
  A scorpion (D:4)
  16 killer bees
  9 wights
  2 electric eels
  A howler monkey (D:9)
  3 crimson imps
  A bullfrog zombie (D:7)
  5 jellies
  4 centaur zombies
  9 hounds
  3 orc priests
  5 iguanas
  8 worker ants
  12 orc wizards
  A worker ant zombie (D:8)
  A howler monkey skeleton (D:4)
  15 adders
  3 river rats (D:5)
  3 shadow imps
  An ooze (D:1)
  An adder zombie (D:6)
  An adder skeleton (D:6)
  3 worms
  2 dart slugs
  11 leopard geckos
  31 orcs
  7 giant cockroaches
  4 goblins
  8 hobgoblins
  9 jackals
  18 kobolds
  A quokka (D:7)
  A ball python (D:5)
  9 bats
  6 frilled lizards
  A leopard gecko skeleton (D:6)
  12 rats
  A fungus (Lair:5)
  A plant (Lair:6)
459 creatures vanquished.

Vanquished Creatures (others)
  Pikel (D:5)
  A komodo dragon (Lair:6)
  A hippogriff (Lair:5)
  2 slaves (D:5)
  2 centaurs
  2 orc wizards (D:5)
  A centaur skeleton (D:5)
  5 orcs
  9 fungi
  10 plants
  3 withered plants (D:10)
37 creatures vanquished.

Grand Total: 496 creatures vanquished

Notes
Turn   | Place    | Note
-------+----------+-------------------------------------------
     0 | D:1      | Gorglomux the Formicid Gladiator began the quest for the Orb.
     0 | D:1      | Reached XP level 1. HP: 16/16 MP: 1/1
   207 | D:1      | Noticed a wyvern
   207 | D:1      | Noticed a hound
   207 | D:1      | Noticed a swamp worm
   207 | D:1      | Noticed a polar bear
   312 | D:1      | Reached XP level 2. HP: 13/23 MP: 2/2
   315 | D:1      | Reached skill level 1 in Armour
   670 | D:1      | Reached XP level 3. HP: 28/28 MP: 3/3
  1102 | D:2      | Noticed a necrophage
  1108 | D:2      | Killed a necrophage
  1108 | D:2      | Reached skill level 3 in Fighting
  1108 | D:2      | Reached XP level 4. HP: 32/35 MP: 4/4
  1108 | D:2      | Reached XP level 5. HP: 37/40 MP: 5/5
  1643 | D:2      | Reached skill level 3 in Armour
  1927 | D:3      | Reached XP level 6. HP: 33/47 MP: 6/6
  2061 | D:3      | Found a burning altar of Makhleb.
  3138 | D:4      | Found a large runed door.
  3138 | D:4      | Found a large runed door.
  3175 | D:4      | Reached XP level 7. HP: 54/54 MP: 7/7
  3304 | D:4      | Found a sparkling altar of Nemelex Xobeh.
  3906 | D:4      | Noticed Masnef's ghost (amateur HaAE)
  3938 | D:5      | Entered Level 5 of the Dungeon
  3994 | D:5      | Found Buaj's Gadget Shoppe.
  3994 | D:5      | Noticed Pikel
  4031 | D:5      | Killed Pikel
  4232 | D:5      | Noticed Edmund
  4497 | D:4      | Killed Edmund
  4774 | D:5      | Reached XP level 8. HP: 52/62 MP: 8/8
  5086 | D:5      | You fall through a shaft for 2 floors!
  5497 | D:7      | Reached skill level 6 in Fighting
  5525 | D:7      | Reached skill level 6 in Axes
  5748 | D:7      | Found a stormy altar of Qazlal.
  5772 | D:7      | Reached skill level 6 in Armour
  6062 | D:6      | Reached XP level 9. HP: 34/70 MP: 9/9
  6359 | D:6      | You fall through a shaft!
  6578 | D:6      | Got a spiked shield
  6584 | D:6      | Identified the cursed -6 shield "Jynnas" {rPois rC+ Stlth-} (You found it on level 6 of the Dungeon)
  7254 | D:6      | Found a sacrificial altar of Ru.
  7826 | D:5      | Found a staircase to the Ecumenical Temple.
  7898 | Temple   | Entered the Ecumenical Temple
  8046 | Temple   | Became a worshipper of Warmaster Okawaru
  8131 | D:5      | Reached XP level 10. HP: 81/81 MP: 10/10
  8132 | D:5      | Found a shattered altar of Ashenzari.
  8854 | D:8      | Reached skill level 9 in Fighting
  9193 | D:8      | Reached * piety under Okawaru
  9204 | D:8      | Found a radiant altar of Vehumet.
  9223 | D:8      | Paralysed by fainting for 12 turns
  9238 | D:8      | Reached skill level 9 in Armour
  9450 | D:8      | Noticed Erica
  9466 | D:8      | Killed Erica
  9466 | D:8      | Reached skill level 9 in Axes
  9517 | D:8      | Found a snail-covered altar of Cheibriados.
  9518 | D:8      | Found a shadowy altar of Dithmenos.
  9541 | D:9      | Found a staircase to the Orcish Mines.
  9541 | D:9      | Noticed Maurice
  9553 | D:8      | Killed Maurice
  9793 | D:9      | Reached ** piety under Okawaru
  9926 | D:9      | Reached XP level 11. HP: 69/89 MP: 11/11
 10107 | D:9      | Found a shimmering altar of Xom.
 10168 | D:9      | Noticed Harold
 10189 | D:9      | Killed Harold
 10189 | D:9      | Reached *** piety under Okawaru
 10692 | D:10     | Entered Level 10 of the Dungeon
 10738 | D:10     | Noticed a death yak
 10743 | D:10     | Noticed a death yak
 10744 | D:10     | Noticed a death yak
 10932 | D:9      | Killed a death yak
 10932 | D:9      | Reached skill level 3 in Invocations
 11069 | D:10     | Killed a death yak
 11069 | D:10     | Reached **** piety under Okawaru
 11101 | D:9      | Killed a death yak
 11101 | D:9      | Reached ***** piety under Okawaru
 11669 | D:10     | Found a staircase to the Lair.
 11815 | D:10     | Reached XP level 12. HP: 94/99 MP: 14/14
 12312 | D:10     | Found a runed gate.
 12312 | D:10     | Found a runed gate.
 12312 | D:10     | Found a runed gate.
 12464 | D:10     | Noticed Esman's ghost (novice OpSu)
 12464 | D:10     | Noticed Cuacval's ghost (journeyman HaHu)
 12464 | D:10     | Noticed Pitzaved's ghost (journeyman DEFE)
 12683 | D:11     | Noticed an unseen horror
 12701 | D:11     | Killed an unseen horror
 12701 | D:11     | Reached skill level 12 in Fighting
 12902 | D:11     | HP: 4/102 [orc warrior/scimitar (3)]
 13156 | D:11     | HP: 1/102 [orc warrior/stone (13)]
 13171 | D:11     | Gained mutation: You are dopey. (Int -2) [potion of mutation]
 13171 | D:11     | Gained mutation: Your muscles are strong. (Str +2) [potion of mutation]
 13171 | D:11     | Gained mutation: You have an increased reservoir of magic. (+10% MP) [potion of mutation]
 13171 | D:11     | Gained mutation: You are resistant to hostile enchantments. (MR+) [potion of mutation]
 13180 | D:11     | HP: 7/153 [orc warrior/dire flail (4)]
 13182 | D:11     | Reached skill level 12 in Armour
 14303 | Lair:1   | Entered Level 1 of the Lair of Beasts
 14414 | Lair:1   | Received a gift from Okawaru
 14435 | Lair:1   | Got a twisted plate armour {god gift}
 14446 | Lair:1   | Identified the +5 plate armour of Hairiness {god gift, rElec} (Okawaru gifted it to you on level 1 of the Lair of Beasts)
 15526 | Lair:1   | Reached XP level 13. HP: 85/109 MP: 16/18
 16341 | Lair:1   | Reached skill level 12 in Axes
 16735 | Lair:2   | Reached skill level 6 in Invocations
 16798 | Lair:2   | Found a runed gate.
 16799 | Lair:2   | Found a runed gate.
 16802 | Lair:2   | Found a runed gate.
 17130 | Lair:2   | Noticed a four-headed hydra
 17138 | Lair:2   | Killed a four-headed hydra
 17166 | Lair:2   | Noticed a minotaur
 17166 | Lair:2   | Noticed Osuozora's ghost (journeyman GrFi)
 17301 | Lair:2   | Received a gift from Okawaru
 17366 | Lair:2   | Found a staircase to the Swamp.
 18039 | Lair:3   | Found a staircase to the Snake Pit.
 18512 | Lair:3   | Noticed Rupert
 18535 | Lair:3   | Killed Rupert
 19472 | Lair:4   | Reached skill level 1 in Shields
 19733 | Lair:4   | Reached XP level 14. HP: 102/118 MP: 21/21
 20604 | Lair:5   | Found a staircase to the Slime Pits.
 20722 | Lair:5   | Reached skill level 3 in Shields
 20991 | Lair:6   | Entered Level 6 of the Lair of Beasts
 21836 | Lair:6   | Received a gift from Okawaru
 22028 | Lair:6   | Reached skill level 9 in Invocations
 23164 | Lair:6   | Reached skill level 6 in Shields
 23268 | Lair:6   | Got a vibrating marble ring
 23807 | Lair:6   | Identified a scroll of acquirement
 23809 | Lair:6   | Identified the ring of Vyosal {rPois Stlth+} (You found it on level 6 of the Lair of Beasts)
 24105 | D:12     | Reached XP level 15. HP: 103/127 MP: 23/23
 24434 | D:12     | Noticed Snorg
 24453 | D:12     | Killed Snorg
 25018 | D:13     | Noticed Urug
 25036 | D:13     | Killed Urug
 25093 | D:13     | Found a portal to a secret trove of treasure.
 25126 | D:13     | Received a gift from Okawaru
 25289 | D:13     | Noticed Nessos
 25303 | D:13     | Killed from afar by an orc priest

Skill      XL: |  1  2  3  4  5  6  7  8  9 10 11 12 13 14 |
---------------+-------------------------------------------+-----
Armour         | 1 2 3 5 6 8 9 11 12 13 14 | 14.4
Fighting       | 3 4 5 6 8 10 11 12 13 14 | 14.6
Axes           | 4 5 6 8 9 10 11 12 13 | 13.7
Invocations    | 3 4 7 9 |  9.0
Shields        | 2 6 |  6.9
Throwing       | |  2.0
Dodging        | |  2.6

Action                   |  1- 3 |  4- 6 |  7- 9 | 10-12 | 13-15 || total
-------------------------+-------+-------+-------+-------+-------++-------
Melee: War axe           |    75 |   123 |   116 |   169 |   376 ||   859
       Dire flail        |       |       |   250 |   539 |   449 ||  1238
       Punch             |       |       |       |     3 |     3 ||     6
Throw: Throwing net      |       |       |     2 |       |       ||     2
Invok: Heroism           |       |       |       |    17 |    26 ||    43
       Finesse           |       |       |       |       |     6 ||     6
 Abil: Dig               |       |       |     5 |    11 |     1 ||    17
       Shaft Self        |       |       |     1 |       |       ||     1
Evoke: Wand              |       |       |     6 |     3 |     1 ||    10
  Use: Scroll            |       |       |     7 |       |    11 ||    18
       Potion            |       |       |       |    12 |     3 ||    15
 Stab: Held in net/web   |       |       |     1 |       |       ||     1
  Eat: Chunk             |     1 |     6 |    10 |    28 |    18 ||    63
       Ration            |       |       |     2 |     4 |     4 ||    10
Armor: Leather armour    |    31 |    20 |       |       |       ||    51
       Chain mail        |       |    33 |   185 |   402 |       ||   620
       Plate armour      |       |       |       |    77 |   351 ||   428
       Skin              |       |       |       |    18 |     9 ||    27
Dodge: Dodged            |    63 |    69 |   146 |   395 |   182 ||   855
Block: Large shield      |       |       |       |       |   564 ||   564
       Reflection        |       |       |       |       |    11 ||    11
